 Dungeon Sprint DCSS version 0.19-a0-379-ge33ada3 (webtiles) character file.

11320 Groucho the Thaumaturge (level 11, 0/83 HPs)
             Began as a High Elf Summoner on May 30, 2016.
             Was a Priest of Hepliaklqana.
             Blown up by an eye of devastation (49 damage)
             ... with a bolt of energy
             ... in the Dungeon (Sprint V: "Ziggurat Sprint").
             The game lasted 00:10:56 (1672 turns).

Groucho the Thaumaturge (High Elf Summoner)         Turns: 1672, Time: 00:10:56

Health: 0/83       AC: 26    Str: 25    XL:     11   Next: 47%
Magic:  20/28      EV:  0    Int: 19    God:    Hepliaklqana [***...]
Gold:   0          SH: 33    Dex: 17    Spells: 4 memorised, 21 levels left

rFire  + . .     SeeInvis +     J - +14 obsidian axe {chop, +Fly Str+3 SInv *Curse} (curse)
rCold  + . .     Gourm    .     j - +5 gold dragon armour
rNeg   + . .     Faith    .     L - +18 shield of the Gong {rElec rN+ MR+ EV-5}
rPois  +         Spirit   .     Q - +1 helmet {SInv}
rElec  +         Dismiss  .     T - +0 cloak {MR+}
rCorr  .         Reflect  +     (no gloves)
SustAt .         Harm     .     (no boots)
MR     +++..     NoTele   +     R - +2 amulet of reflection
Stlth  ..........               E - +6 ring of strength
                                D - +6 ring of strength

@: mesmerised, very slightly contaminated, studying Armour, extremely resistant
to hostile enchantments, extremely unstealthy
A: no striking features
a: Recall Ancestor, Ancestor Identity, Transference, Renounce Religion, Evoke
Flight


You were in the Dungeon.
You worshipped Hepliaklqana.
Hepliaklqana was most pleased with you.
You were not hungry.

You visited 1 branch

Inventory:

Hand Weapons
 J - the cursed +14 obsidian axe (weapon) {chop, +Fly Str+3 SInv *Curse}
   (You found it in the Dungeon)

   It inflicts extra damage upon your enemies.
   It affects your strength (+3).
   It lets you see invisible.
   It lets you fly.
   It may re-curse itself when equipped.
   It has a curse placed upon it.
Armour
 j - a +5 gold dragon armour (worn)
 K - the +15 Maxwell's patent armour {-Cast -Tele rElec MR+ rCorr}
   (You found it in the Dungeon)

   It insulates you from electricity.
   It affects your resistance to hostile enchantments.
   It prevents spellcasting.
   It prevents most forms of teleportation.
   It protects you from acid and corrosion.
 L - the +18 shield of the Gong (worn) {rElec rN+ MR+ EV-5}
   (You found it in the Dungeon)

   It affects your evasion (-5).
   It insulates you from electricity.
   It protects you from negative energy.
   It affects your resistance to hostile enchantments.
 Q - a +1 helmet of see invisible (worn)
 T - a +0 cloak of magic resistance (worn)
Jewellery
 y - a +6 ring of dexterity
 A - a +6 ring of dexterity
 B - a +6 ring of intelligence
 C - a +6 ring of intelligence
 D - a +6 ring of strength (left hand)
 E - a +6 ring of strength (right hand)
 P - the ring of Resumed Hostilities {rN+ Str+3 Int+5 Dex+4}
   (You found it in the Dungeon)

   [ring of dexterity]

   It affects your strength (+3).
   It affects your intelligence (+5).
   It affects your dexterity (+4).
   It protects you from negative energy.
 R - a +2 amulet of reflection (around neck)
 S - a +2 ring of evasion
 U - the ring of Qieggo {*Confuse rF+ MR+ Str+3}
   (You found it in the Dungeon)

   [ring of protection from magic]

   It affects your strength (+3).
   It protects you from fire.
   It affects your resistance to hostile enchantments.
   It may confuse you when you take damage.
Wands
 F - a wand of disintegration (7/24)
 G - a wand of iceblast (5/15)
 H - a wand of lightning (5/15)
 I - a wand of acid (5/15)
Scrolls
 i - 4 scrolls of blinking
 q - 4 scrolls of amnesia
 r - 3 scrolls of recharging
 s - 7 scrolls of fog
 t - a scroll of holy word
 u - 5 scrolls of identify
 v - 5 scrolls of remove curse
 w - 2 scrolls of fear
 M - 3 scrolls of brand weapon
 N - 4 scrolls of enchant weapon
Potions
 d - 10 potions of curing
 e - 9 potions of heal wounds
 f - 6 potions of haste
 g - 7 potions of magic
 h - 3 potions of berserk rage
 k - 2 potions of brilliance
 l - 2 potions of invisibility
 m - 4 potions of resistance
 n - a potion of experience
 o - 6 potions of agility
 p - 4 potions of might
Books
 a - a manual of
Armour
 b - a book of Callings

   Spells                             Type                      Level
   a - Summon Small Mammal            Summoning                    1
   b - Call Imp                       Summoning                    2
   c - Call Canine Familiar           Summoning                    3
   d - Summon Guardian Golem          Hexes/Summoning              3
   e - Summon Lightning Spire         Summoning/Air                4
   f - Summon Ice Beast               Ice/Summoning                4
Comestibles
 c - 5 bread rations
 x - 42 fruits
 z - 3 meat rations


   Skills:
 * Level 11.5 Fighting
 + Level 7.0 Axes
 * Level 10.6 Armour
 - Level 2.1 Dodging
 - Level 2.1 Stealth
 * Level 10.7 Shields
 * Level 12.8 Spellcasting
 * Level 6.1 Hexes
 * Level 5.3 Charms
 * Level 11.2 Summonings
 * Level 5.7 Ice Magic
 * Level 5.0 Air Magic


You had 21 spell levels left.
You knew the following spells:

 Your Spells              Type           Power        Failure   Level  Hunger
a - Summon Small Mammal   Summ           ####         6%          1    None
b - Summon Guardian Gole  Hex/Summ       #####...     38%         3    None
c - Summon Ice Beast      Ice/Summ       #####...     95%         4    #......
d - Deflect Missiles      Chrm/Air       ####......   100%        6    ######.


Dungeon Overview and Level Annotations

Branches:
Dungeon (1/1)

Altars:
Ashenzari
Cheibriados
Dithmenos
Elyvilon
Fedhas
Gozag
Hepliaklqana
Kikubaaqudgha
Makhleb
Nemelex Xobeh
Okawaru
Pakellas
Qazlal
Ru
Sif Muna
Trog
Ukayaw
Vehumet
Xom
Yredelemnul
Zin
The Shining One
Beogh
Jiyva
Lugonu


Message History

Your gold dragon armour prevents you from hitting the azure jelly.
The azure jelly is almost dead.
Visions of slaying the slime creature flood into your mind.
You block the azure jelly's attack.
BOUMMMMG!
The azure jelly hits you but does no damage.
You block the azure jelly's attack.
GONNNNG!
The azure jelly hits you.
The great orb of eyes bites you but does no damage.
You block the azure jelly's attack.
PANG!
You block the azure jelly's attack.
GONNNNG!
The azure jelly hits you but does no damage. x2
The slime creature hits you but does no damage.
The eye of devastation gazes at you. The bolt of energy hits you!
Ouch! That really hurt!
You die...

▓...8©8...▓..
▓..:|.).}.▓..:..R[..▓..
▓..|[).)..▓..}.|[:..▓..
▓.........▓.........▓..
▓.........▓.........▓..
▓.........▓.........▓..
▓....GJ...▓.........▓..
▓....J.JG.▓......)..▓.▓
▓.▓..J@8▓.▓...))....▓..
▓....G.3..▓...).....▓▓▓
▓▓▓▓▓▓▓▓▓▓▓▓▓▓▓▓▓▓▓▓▓


You could see an azure jelly, a great orb of eyes, a large slime creature, a
slime creature, an eye of devastation, a jelly, a giant eyeball, a friendly soul
eater and a friendly guardian golem.

Vanquished Creatures
  A fire giant (D)
  A ghoul (D)
  A vampire knight (D)
  A yaktaur captain (D)
  A vampire mage (D)
  A wolf spider (D)
  2 necromancers (D)
  A sixfirhy (D)
  A smoke demon (D)
  A rust devil (D)
  A large abomination (D)
  A tormentor (D)
  2 jumping spiders (D)
  A slime creature (D)
  A redback (D)
  A tarantella (D)
  A spriggan (D)
  A mottled dragon (D)
  4 hell hounds (D)
  A water moccasin (D)
  A porcupine (D)
  3 black bears (D)
  A necrophage (D)
  2 scorpions (D)
  A wight (D)
  2 crimson imps (D)
  4 quasits (D)
  A jelly (D)
  4 iron imps (D)
  A sheep (D)
  2 shadow imps (D)
  3 white imps (D)
  2 ufetubi (D)
  An ooze (D)
  2 adder zombies (D)
  3 adder skeletons (D)
  A ball python (D)
  2 bat skeletons (D)
  A jackal (D)
62 creatures vanquished.

Vanquished Creatures (collateral kills)
  An ironheart preserver (D)
  A spriggan air mage (D)
  An ogre mage (D)
  An ironbrand convoker (D)
  2 black bears (D)
  A scorpion (D)
  A crimson imp (D)
  A shadow imp (D)
9 creatures vanquished.

Vanquished Creatures (others)
  2 battlemagi (D)
  An ancestor (D)
3 creatures vanquished.

Grand Total: 74 creatures vanquished

Notes
Turn   | Place    | Note
--------------------------------------------------------------
     0 | D        | Groucho the High Elf Summoner began the quest for the Orb.
     0 | D        | Reached XP level 1. HP: 11/11 MP: 4/4
    11 | D        | Became a worshipper of Hepliaklqana
    20 | D        | Found a blossoming altar of Fedhas.
    20 | D        | Found a snail-covered altar of Cheibriados.
    20 | D        | Found a viscous altar of Jiyva.
    20 | D        | Found a roughly hewn altar of Beogh.
    20 | D        | Found a corrupted altar of Lugonu.
    21 | D        | Found a white marble altar of Elyvilon.
    21 | D        | Found a shimmering altar of Xom.
    23 | D        | Found a deep blue altar of Sif Muna.
    23 | D        | Found a burning altar of Makhleb.
    23 | D        | Found a bloodstained altar of Trog.
    23 | D        | Found an iron altar of Okawaru.
    23 | D        | Found a sparkling altar of Nemelex Xobeh.
    23 | D        | Found a radiant altar of Vehumet.
    70 | D        | Entered arena 1.
    70 | D        | Noticed a water moccasin
    76 | D        | Killed a water moccasin
    76 | D        | Reached skill level 1 in Axes
    76 | D        | Reached skill level 4 in Spellcasting
    76 | D        | Reached skill level 5 in Summonings
    76 | D        | Reached XP level 2. HP: 18/21 MP: 2/8
    76 | D        | Reached XP level 3. HP: 22/26 MP: 2/10
    76 | D        | Reached XP level 4. HP: 27/32 MP: 2/11
   346 | D        | Entered arena 2.
   346 | D        | Noticed a porcupine
   352 | D        | Reached skill level 5 in Spellcasting
   353 | D        | Killed a porcupine
   353 | D        | Reached skill level 6 in Spellcasting
   353 | D        | Reached XP level 5. HP: 30/38 MP: 11/14
   361 | D        | Reached * piety under Hepliaklqana
   361 | D        | Entered arena 3.
   361 | D        | Noticed a mottled dragon
   361 | D        | Noticed an ironbrand convoker
   361 | D        | Noticed an ogre mage
   361 | D        | Noticed an ironheart preserver
   366 | D        | Killed a mottled dragon
   366 | D        | Reached skill level 5 in Fighting
   366 | D        | Reached skill level 5 in Armour
   366 | D        | Reached skill level 5 in Shields
   366 | D        | Reached XP level 6. HP: 35/45 MP: 11/16
   371 | D        | Noticed a tormentor
   371 | D        | Noticed a fire giant
   371 | D        | Noticed a yaktaur captain
   371 | D        | Noticed a spriggan air mage
   371 | D        | Killed an ironheart preserver
   371 | D        | Reached skill level 8 in Spellcasting
   371 | D        | Reached XP level 7. HP: 22/54 MP: 13/20
   371 | D        | Reached XP level 8. HP: 25/61 MP: 13/21
   371 | D        | Killed an ironbrand convoker
   371 | D        | Reached skill level 9 in Spellcasting
   373 | D        | Killed a yaktaur captain
   373 | D        | Reached skill level 5 in Axes
   373 | D        | Reached skill level 10 in Spellcasting
   373 | D        | Reached XP level 9. HP: 32/67 MP: 13/24
   377 | D        | Killed a spriggan air mage
   378 | D        | Killed an ogre mage
   379 | D        | Killed a fire giant
   379 | D        | Reached skill level 11 in Spellcasting
   382 | D        | Killed a tormentor
   382 | D        | Reached skill level 10 in Fighting
   382 | D        | Reached XP level 10. HP: 34/76 MP: 15/26
   694 | D        | Learned a level 3 spell: Summon Guardian Golem
   699 | D        | Learned a level 4 spell: Summon Ice Beast
   699 | D        | Entered arena 4.
   702 | D        | Reached skill level 10 in Summonings
   703 | D        | Reached skill level 1 in Hexes
   712 | D        | Entered arena 5.
   712 | D        | Noticed a large abomination
   719 | D        | Killed a large abomination
   804 | D        | Entered arena 6.
   804 | D        | Noticed a smoke demon
   804 | D        | Noticed a rust devil
   804 | D        | Noticed a sixfirhy
   807 | D        | Killed a sixfirhy
   807 | D        | Reached skill level 1 in Ice Magic
   811 | D        | Killed a rust devil
   817 | D        | Killed a smoke demon
   823 | D        | Got the ring of Resumed Hostilities {rN+ Str+3 Int+5 Dex+4}
   864 | D        | Reached ** piety under Hepliaklqana
   864 | D        | Entered arena 7.
   866 | D        | Remembered your ancestor Ealamassi as a battlemage
   886 | D        | Got the amulet of the Komodo Dragon {+Rage rPois rF+}
   888 | D        | Entered arena 8.
   893 | D        | Reached skill level 12 in Spellcasting
   895 | D        | Reached skill level 10 in Shields
   918 | D        | Got the ring of Qieggo {*Confuse rF+ MR+ Str+3}
   927 | D        | Identified the Grimoire of the Insatiable Places (You found it in the Dungeon)
   934 | D        | Learned a level 6 spell: Deflect Missiles
   934 | D        | Identified the Grimoire of the Insatiable Places (You found it in the Dungeon)
   935 | D        | Entered arena 9.
   935 | D        | Noticed a wolf spider
   940 | D        | Reached skill level 10 in Armour
   940 | D        | Reached skill level 1 in Charms
   940 | D        | Reached skill level 1 in Air Magic
   941 | D        | Killed a wolf spider
   962 | D        | Got a pair of ancient gloves
   968 | D        | Identified the -2 pair of gloves of Keil {rF- rN+ Dex+4 SInv} (You acquired it in the Dungeon)
  1198 | D        | Entered arena 10.
  1208 | D        | Reached XP level 11. HP: 83/83 MP: 25/28
  1215 | D        | Entered arena 11.
  1215 | D        | Noticed a vampire mage
  1215 | D        | Noticed a ghoul
  1215 | D        | Noticed a vampire knight
  1216 | D        | Noticed a necromancer
  1216 | D        | Noticed a necromancer
  1225 | D        | Killed a necromancer
  1225 | D        | Killed a necromancer
  1225 | D        | Reached skill level 5 in Hexes
  1228 | D        | Killed a ghoul
  1228 | D        | Reached skill level 5 in Ice Magic
  1232 | D        | Killed a vampire mage
  1241 | D        | Killed a vampire knight
  1241 | D        | Reached skill level 5 in Charms
  1660 | D        | Entered arena 12.
  1660 | D        | Noticed an azure jelly
  1665 | D        | Reached *** piety under Hepliaklqana
  1665 | D        | Noticed a great orb of eyes
  1670 | D        | Reached skill level 5 in Air Magic
  1672 | D        | Blown up by an eye of devastation

Vault maps used:
D:        sprint_v

Skill      XL: |  1  2  3  4  5  6  7  8  9 10 11 |
---------------+----------------------------------+-----
Fighting       | 3 4 5 7 8 10 11 | 11.5
Axes           | 1 2 3 4 5 6 7 |  7.0
Armour         | 3 4 5 7 8 9 10 | 10.6
Shields        | 3 4 5 7 8 9 10 | 10.7
Spellcasting   | 4 6 8 10 11 12 | 12.8
Summonings     | 5 6 8 9 10 11 | 11.2
Hexes          | 4 6 |  6.1
Ice Magic      | 4 5 |  5.7
Charms         | 3 5 |  5.3
Air Magic      | 2 5 |  5.0
Dodging        | |  2.1
Stealth        | |  2.1

Action                   |  1- 3 |  4- 6 |  7- 9 | 10-12 || total
-------------------------+-------+-------+-------+-------++-------
Melee: Broad axe         |     5 |    13 |     7 |    78 ||   103
 Cast: Summon Guardian G |       |       |       |     1 ||     1
Invok: Recall Ancestor   |     1 |     1 |       |     7 ||     9
       Ancestor Life: Ba |       |       |       |     1 ||     1
  Use: Potion            |       |       |     4 |     2 ||     6
       Scroll            |       |       |       |     1 ||     1
 Stab: Distracted        |       |       |       |     2 ||     2
  Eat: Meat ration       |       |       |       |     1 ||     1
Armor: Gold dragon armou |     1 |     4 |     7 |   107 ||   119
Dodge: Dodged            |       |       |       |     2 ||     2
Block: Shield            |     9 |    28 |    26 |   174 ||   237
       Reflection        |       |       |       |     1 ||     1
